 Dungeon Crawl Stone Soup version 0.29.0-11-gd7f09526c8 (webtiles) character file.

Game seed: 736990679027345935

15 xian the Ducker (level 2, 0/14 HPs)
             Began as a Felid Berserker on Sept 3, 2022.
             Was a Follower of Trog.
             Slain by a jackal (1 damage)
             ... on level 1 of the Dungeon.
             The game lasted 00:00:57 (674 turns).

xian the Ducker (Felid Berserker)                    Turns: 674, Time: 00:00:57

Health: 0/14       AC:  1    Str: 13    XL:     2   Next: 34%
Magic:  3/3        EV: 18    Int:  8    God:    Trog [*.....]
Gold:   13         SH:  0    Dex: 15    Spells: 1/1 levels left
                                        Lives:  0   Deaths: 0

rFire   . . .      SeeInvis +     - Unarmed
rCold   . . .      Faith    .   (shield unavailable)
rNeg    . . .      Spirit   .   (body armour unavailable)
rPois   .          Reflect  .   (helmet unavailable)
rElec   .          Harm     .   (cloak unavailable)
rCorr   .          Rampage  .   (gloves unavailable)
Will    .....                   (boots unavailable)
Stlth   +.........              (no amulet)
HPRegen 0.04/turn               (no ring)
MPRegen 0.08/turn               (no ring)

@: on berserk cooldown, slowed, slow
A: very small, claws 1, fangs 3, see invisible, speed 1, shaggy fur 1, stealthy
paws, no weapons or thrown items, no armour, multi-lived
a: Renounce Religion, Berserk


You were on level 1 of the Dungeon.
You worshipped Trog.
Trog was aware of your devotion.
You visited 1 branch of the dungeon, and saw 1 of its levels.

You collected 13 gold pieces.

Inventory:

Scrolls
 a - a scroll of teleportation {unknown}
Potions
 b - a potion of heal wounds {unknown}
 c - a potion of degeneration {unknown}


   Skills:
 + Level 3.3 Fighting
 + Level 4.5 Dodging
 + Level 3.1 Unarmed Combat


You had one spell level left.
You didn't know any spells.
Your spell library was empty.

Dungeon Overview and Level Annotations

Branches:
Dungeon (1/15)

Altars:


Innate Abilities, Weirdness & Mutations

You have sharp claws.
You have razor-sharp teeth.
You have supernaturally acute eyesight. (SInv)
You cover ground quickly. (Speed+)
You are covered in fur. (AC +1)
Your paws help you pounce on unaware monsters.
You are incapable of wielding weapons or throwing items.
You cannot wear armour.
You gain extra lives every three experience levels.


Message History

Trog accepts your kill.
A ball python comes into view.
You see here a frilled lizard corpse.
Found a scroll labelled ATA MAISAOKH.
The ball python bites you. The ball python grabs you.
The ball python constricts you.
A giant cockroach comes into view.
You barely miss the ball python. The ball python bites you.
* * * LOW HITPOINT WARNING * * *
The ball python constricts you.
You scratch the ball python.
You kill the ball python!
Trog accepts your kill.
A red film seems to cover your vision as you go berserk!
You feel yourself moving faster!
You feel mighty!
The giant cockroach completely misses you.
The giant cockroach bites you but does no damage.
You closely miss the giant cockroach. You claw the giant cockroach!
You kill the giant cockroach!
Trog accepts your kill.
You see here a giant cockroach corpse.
Found a bubbling purple potion.
You feel a strong urge to attack something.
Calm down first, please.
A jackal comes into view.
Found a leather armour and a scroll labelled WUETAS UDUNWALAKK.
The ball python hisses angrily.
You feel your anger nearly subside.
You are no longer berserk.
You are exhausted.
You feel yourself slow down.
A jackal comes into view.
A hobgoblin comes into view.
The jackal bites you.
* * * LOW HITPOINT WARNING * * *
You closely miss the jackal. The jackal misses you. x2
You closely miss the jackal. Your bite misses the jackal. The jackal bites you.
* * * LOW HITPOINT WARNING * * *
The ball python barely misses you. The ball python misses you.
The ball python closely misses you. The ball python barely misses you.
The jackal bites you.
You die...

.####...##.# #..........
.####...##.# #.#......##..g
..÷.....##.# #.............
####..####.####.#.#..#.#.![.
#...####.#.........#.....
#........#.#.............
#...######>#..#†#..#.##.#.
#...# #....†............
###...#####..#..@h..........
.............#.##S.........h
.............#.##.........?.
.........>..##.##......?....
###...#####.......###.......
#...# ####.#### .......
#...# #.# ####### #...#
#...#


You could see a jackal and a ball python.

Vanquished Creatures
  3 endoplasms (D:1)
  2 giant cockroaches (D:1)
  2 quokkas (D:1)
  A ball python (D:1)
  A frilled lizard (D:1)
  2 goblins (D:1)
  3 rats (D:1)
14 creatures vanquished.

Notes
Turn   | Place    | Note
-------+----------+-------------------------------------------
     0 | D:1      | xian the Felid Berserker began the quest for the Orb.
     0 | D:1      | Reached XP level 1. HP: 10/10 MP: 2/2
   491 | D:1      | Reached XP level 2. HP: 14/14 MP: 3/3
   500 | D:1      | Found a faded altar of an unknown god.
   674 | D:1      | Slain by a jackal

Illustrated notes

Levels and vault maps discovered:
D:1:      dpeg_arrival_tiny_i, layout_loops_cross,
          shapermc_ecumenical_altar_notcrosses, minmay_tripent

Action                   || total
-------------------------++-------
Melee: Unarmed           ||    45
       Bite              ||     4
Invok: Berserk           ||     1
 Stab: Sleeping          ||     1
Armor: Skin              ||     2
Dodge: Dodged            ||    37
